 Dungeon Crawl Stone Soup version 0.28-a0-973-ga7f8b01127 (webtiles) character file.

Game seed: 3305444907271945599

10 Iscandelvey the Conjurer (level 2, 19/19 HPs)
             Began as a Demonspawn Conjurer on Dec 2, 2021.
             Quit the game on level 2 of the Dungeon.
             The game lasted 00:01:54 (761 turns).

Iscandelvey the Conjurer (Demonspawn Conjurer)       Turns: 761, Time: 00:01:55

Health: 19/19      AC:  2    Str:  7    XL:     2   Next: 10%
Magic:  4/5        EV: 12    Int: 21    God:
Gold:   4          SH:  0    Dex: 11    Spells: 4/5 levels left

rFire   . . .      SeeInvis .   (no weapon)
rCold   . . .      Faith    .   (no shield)
rNeg    . . .      Spirit   .   a - +0 robe
rPois   .          Reflect  .   (no helmet)
rElec   .          Harm     .   (no cloak)
rCorr   .          Rampage  .   (no gloves)
Will    .....                   (no boots)
Stlth   ++........              (no amulet)
HPRegen 0.06/turn               (no ring)
MPRegen 0.09/turn               (no ring)

@: no status effects
A: big brain 1
a: no special abilities


You were on level 2 of the Dungeon.
You visited 1 branch of the dungeon, and saw 2 of its levels.

You collected 4 gold pieces.

Inventory:

Armour
 a - a +0 robe (worn)
Jewellery
 b - an amulet of faith
Scrolls
 c - a scroll of enchant weapon {unknown}


   Skills:
 + Level 1.9 Dodging
 + Level 1.9 Stealth
 + Level 2.1 Spellcasting
 * Level 4.2 Conjurations


You had 4 spell levels left.
You knew the following spells:

 Your Spells              Type           Power      Damage    Failure   Level
a - Magic Dart            Conj           80%        1d7       2%          1

Your spell library contained the following spells:

 Spells                   Type           Power      Damage    Failure   Level
 Searing Ray              Conj           40%        2d5       3%          2
 Dazzling Flash           Conj/Hex       22%        N/A       19%         3
 Fulminant Prism          Conj/Hex       5%         3d7       52%         4
 Iskenderun's Mystic Bla  Conj/Tloc      11%        2d4       52%         4


Dungeon Overview and Level Annotations

Branches:
Dungeon (2/15)

Altars:


Innate Abilities, Weirdness & Mutations

You have an unusually large brain. (Int +2)


Message History

Press: ? - help, Shift-Dir - straight line, f - giant cockroach
Aim: a giant cockroach (asleep, 100% to hit)
The magic dart hits the giant cockroach.
The giant cockroach is heavily wounded.
Casting: Magic Dart (safe; 2% risk of failure)
Confirm with . or Enter, or press ? or * to list all spells.
Aiming: Magic Dart (safe; 2% risk of failure)
Press: ? - help, Shift-Dir - straight line, f/p - giant cockroach
Aim: a giant cockroach (heavily wounded, 100% to hit)
The magic dart hits the giant cockroach.
The giant cockroach is severely wounded.
The giant cockroach bites you.
Casting: Magic Dart (safe; 2% risk of failure)
Confirm with . or Enter, or press ? or * to list all spells.
Aiming: Magic Dart (safe; 2% risk of failure)
Press: ? - help, Shift-Dir - straight line, f/p - giant cockroach
Aim: a giant cockroach (severely wounded, 100% to hit)
The magic dart hits the giant cockroach.
The giant cockroach is almost dead.
The giant cockroach barely misses you.
Casting: Magic Dart (safe; 2% risk of failure)
Confirm with . or Enter, or press ? or * to list all spells.
Aiming: Magic Dart (safe; 2% risk of failure)
Press: ? - help, Shift-Dir - straight line, f/p - giant cockroach
Aim: a giant cockroach (almost dead, 100% to hit)
The magic dart hits the giant cockroach.
You kill the giant cockroach!
You start resting.
Magic restored.
You see here a giant cockroach corpse.
A hobgoblin comes into view.
A hobgoblin is nearby!
Casting: Magic Dart (safe; 2% risk of failure)
Confirm with . or Enter, or press ? or * to list all spells.
Aiming: Magic Dart (safe; 2% risk of failure)
Press: ? - help, Shift-Dir - straight line, f - hobgoblin
Aim: a hobgoblin (asleep, 100% to hit)
The magic dart hits the hobgoblin.
The hobgoblin is lightly wounded.
Are you sure you want to abandon this character and quit the game? (Confirm with "yes".)

#[..#### #...##.##
###.##.#.##
#.....###.###.
#########.#..## ##....
#.......#.#.#.###.##..
#.#####.#.#.##.#..# .
####.#.......#.#
#.@..†.#.##.##.#
#.##.#.#.##.##.# #.
#.#.#<##.##.. ..
..#......####
#.#####......# #.
#.....## #g #.....# #.
#.....# #######


You could see a hobgoblin.

Vanquished Creatures
  2 ball pythons (D:1)
  2 giant cockroaches
  2 hobgoblins
  A quokka (D:1)
  A frilled lizard (D:1)
  A rat (D:1)
9 creatures vanquished.

Notes
Turn   | Place    | Note
-------+----------+-------------------------------------------
     0 | D:1      | Iscandelvey the Demonspawn Conjurer began the quest for the
                  | Orb.
     0 | D:1      | Reached XP level 1. HP: 13/13 MP: 3/3
   243 | D:1      | Found a faded altar of an unknown god.
   646 | D:2      | Gained mutation: You have an unusually large brain. (Int
                  | +2) [demonic ancestry]
   646 | D:2      | Reached XP level 2. HP: 19/19 MP: 1/5
   761 | D:2      | Quit the game

Illustrated notes

Levels and vault maps discovered:
D:1:      erik_arrival_orb_chamber, layout_loops_ring,
          ebering_ecumenical_altar_mist
D:2:      cheibrodos_pilgrimage, layout_loops_cross, moated_statue,
          minmay_misc_feat_square, uniq_terence, uniq_natasha,
          uniq_crazy_yiuf_cottage, uniq_robin

Action                   || total
-------------------------++-------
 Cast: Magic Dart        ||    19
Dodge: Dodged            ||     1

Table legend: (Time is in decaauts)
 A = Elapsed time spent in this place.
 B = Non-inter-level travel time spent in this place.
 C = Inter-level travel time spent in this place.
 D = Time resting spent in this place.
 E = Time spent auto-exploring this place.
 F = Levels seen in this place.
 G = Mean time per level.
                   A        B        C        D        E       F      G
               +--------+--------+--------+--------+--------+-----+--------+
         Total |    760 |    744 |     16 |     73 |    622 |   2 |  380.0 |
       Dungeon |    760 |    744 |     16 |     73 |    622 |   2 |  380.0 |
               +--------+--------+--------+--------+--------+-----+--------+

Top non-repeatable levels by time:
     D:1: 635 daAuts
     D:2: 125 daAuts
